 Dungeon Crawl Stone Soup version 0.23.2-30-g0e89c35649 (webtiles) character file.

Game seed: 13517516144805653508

872 Masnef the Conjurer (level 7, -5/36 HPs)
             Began as a Deep Elf Wizard on June 24, 2019.
             Slain by a centaur zombie (7 damage)
             ... on level 6 of the Dungeon.
             The game lasted 00:21:36 (7554 turns).

Masnef the Conjurer (Deep Elf Wizard)               Turns: 7554, Time: 00:21:38

Health: -5/36      AC:  2    Str:  4    XL:     7   Next: 74%
Magic:  12/18      EV: 14    Int: 25    God:
Gold:   210        SH:  0    Dex: 13    Spells: 5/18 levels left

rFire    . . .     SeeInvis .   s - +0 short sword (freeze)
rCold    . . .     Gourm    .   (no shield)
rNeg     . . .     Faith    +   a - +0 robe
rPois    .         Spirit   .   b - +0 hat
rElec    .         Reflect  .   (no cloak)
rCorr    .         Harm     .   (no gloves)
MR       .....                  (no boots)
Stlth    ++........             x - amulet of faith
HPRegen  0.12/turn              (no ring)
MPRegen  0.16/turn              (no ring)

@: very slightly contaminated, studying Shields
A: no striking features
a: no special abilities


You were on level 6 of the Dungeon.
You were not hungry.

You visited 1 branch of the dungeon, and saw 8 of its levels.
You also visited: Sewer.

You collected 210 gold pieces.

Inventory:

Hand Weapons
 c - a +0 mace
 h - a +0 dagger
 j - a +2 short sword of speed
 o - a +1 falchion of holy wrath
 s - a +0 short sword of freezing (weapon)
Armour
 a - a +0 robe (worn)
 b - a +0 hat (worn)
 v - a +0 large shield
Jewellery
 x - an amulet of faith (around neck)
Wands
 A - a wand of digging (6)
Scrolls
 e - a scroll of identify
 w - a scroll of remove curse {unknown}
 y - a scroll of immolation {unknown}
 z - 2 scrolls of teleportation
 B - a scroll of amnesia
Potions
 f - 2 potions of haste
 g - 2 potions of mutation
 i - 2 potions of magic
 k - 4 potions of agility
 l - 3 potions of flight
 m - a potion of invisibility {unknown}
 n - a potion of lignification {unknown}
 p - 2 potions of brilliance {unknown}
 q - 5 potions of curing {unknown}
 r - a potion of degeneration {unknown}
 t - 4 potions of heal wounds {unknown}
Books
 C - a manual of Shields
Comestibles
 d - 4 rations
 u - 2 chunks of flesh


   Skills:
 - Level 3.1 Short Blades
 + Level 4.0 Dodging
 - Level 4.0 Stealth
 - Level 6.1 Spellcasting
 * Level 6.3 Conjurations
 - Level 1.1 Summonings
 - Level 1.1 Translocations
 - Level 2.1 Air Magic
 - Level 1.0 Poison Magic


You had 5 spell levels left.
You knew the following spells:

 Your Spells              Type           Power        Failure   Level  Hunger
a - Magic Dart            Conj           ####         1%          1    None
b - Blink                 Tloc           N/A          7%          2    None
c - Call Imp              Summ           ##......     7%          2    None
d - Mephitic Cloud        Conj/Pois/Air  ###.....     6%          3    None
f - Conjure Flame         Conj/Fire      ###.....     6%          3    None
s - Slow                  Hex            #.......     11%         2    None

Your spell library contained the following spells:

 Spells                   Type           Power        Failure   Level  Hunger


Dungeon Overview and Level Annotations

Branches:
Dungeon (8/15)
 Temple: D:4-7         Lair: D:8-11

Altars:
Elyvilon
Gozag
Hepliaklqana
Okawaru


Message History

The centaur is almost dead.
The centaur grins madly.
The centaur closely misses the crimson imp.
Your crimson imp blinks!
The crimson imp hits you. The centaur zombie hits you.
The centaur warrior zombie barely misses you.
You hit the centaur. You freeze the centaur.
You kill the centaur!
Training target 3.0 for Short Blades reached!
Your Short Blades skill increases to level 3!
Your Dodging skill increases to level 4!
The crimson imp hits you. The centaur zombie closely misses you.
The centaur warrior zombie hits you. The centaur zombie hits you.
The centaur warrior zombie hits you!
* * * LOW HITPOINT WARNING * * *
The crimson imp closely misses you. The shadow imp hits you.
* * * LOW HITPOINT WARNING * * *
Your crimson imp completely misses the shadow imp.
The centaur zombie hits you!
You die...

############
#..........#
#..........# .
#..........# ..
#..........## ...
#............
.....##..........#
...........<..Z5.#
.....##.......Z@)#
...###..#...5.ยง.#
..............5..#
.###.......#.....#
#......$#.....#
#.......#.....#
#.......#######
#..........
#........##


You could see a crimson imp, a shadow imp, a centaur zombie, a centaur warrior
zombie and a friendly crimson imp.

Vanquished Creatures
  Eustachio (D:5)
  2 centaurs
  A big kobold (Sewer)
  A water moccasin skeleton (D:4)
  3 crimson imps (D:5)
  A hound (D:7)
  A jelly (D:5)
  3 worker ants
  4 adders
  5 gnolls
  A shadow imp (D:5)
  An adder zombie (D:1)
  3 worms
  A dart slug (D:4)
  3 leopard geckos
  13 orcs
  6 ball pythons (Sewer)
  11 bats
  7 giant cockroaches
  8 goblins
  9 hobgoblins
  3 jackals (D:2)
  22 kobolds
  3 quokkas
  3 frilled lizards
  A giant cockroach zombie (D:1)
  A jackal skeleton (D:4)
  4 rats
122 creatures vanquished.

Vanquished Creatures (collateral kills)
  A worker ant zombie (D:5)
  A gnoll (D:5)
  An adder skeleton (D:5)
  3 orcs (D:3)
  A ball python (Sewer)
  2 kobolds (Sewer)
  A rat (D:3)
10 creatures vanquished.

Vanquished Creatures (others)
  A quokka (D:5)
1 creature vanquished.

Grand Total: 133 creatures vanquished

Notes
Turn   | Place    | Note
-------+----------+-------------------------------------------
     0 | D:1      | Masnef the Deep Elf Wizard began the quest for the Orb.
     0 | D:1      | Reached XP level 1. HP: 10/10 MP: 7/7
   256 | D:1      | Reached XP level 2. HP: 15/15 MP: 2/9
   260 | D:1      | Learned a level 2 spell: Blink
   263 | D:1      | Learned a level 2 spell: Call Imp
   320 | D:1      | Reached skill level 5 in Spellcasting
  1358 | D:2      | Reached XP level 3. HP: 19/19 MP: 7/11
  1849 | D:2      | Reached skill level 1 in Short Blades
  1849 | D:2      | Reached XP level 4. HP: 24/24 MP: 4/13
  1860 | D:2      | Learned a level 3 spell: Mephitic Cloud
  1863 | D:2      | Learned a level 2 spell: Slow
  1867 | D:2      | Learned a level 3 spell: Conjure Flame
  2770 | D:3      | Found an iron altar of Okawaru.
  2904 | D:3      | Found a glowing drain.
  2920 | Sewer    | Entered a sewer
  3013 | Sewer    | Reached XP level 5. HP: 28/28 MP: 11/14
  3074 | Sewer    | Reached skill level 1 in Air Magic
  3074 | Sewer    | Reached skill level 1 in Poison Magic
  4097 | D:4      | Found an opulent altar of Gozag.
  4583 | D:4      | Reached XP level 6. HP: 32/32 MP: 4/17
  5290 | D:5      | Entered Level 5 of the Dungeon
  6044 | D:5      | Reached XP level 7. HP: 13/36 MP: 3/18
  6337 | D:5      | Found a white marble altar of Elyvilon.
  6439 | D:5      | Noticed Eustachio
  6445 | D:5      | You fall through a shaft for 3 floors!
  6476 | D:7      | Reached skill level 5 in Conjurations
  6870 | D:5      | Killed Eustachio
  7039 | D:6      | Found a hazy altar of Hepliaklqana.
  7554 | D:6      | Slain by a centaur zombie

Skill      XL: |  1  2  3  4  5  6  7 |
---------------+----------------------+-----
Spellcasting   | 5 6 |  6.1
Conjurations   | 2 3 4 6 |  6.3
Dodging        | 3 4 |  4.0
Stealth        | 3 4 |  4.0
Short Blades   | 1 2 3 |  3.1
Air Magic      | 1 2 |  2.1
Poison Magic   | 1 |  1.0
Summonings     | |  1.1
Translocations | |  1.1

Action                   |  1- 3 |  4- 6 |  7- 9 || total
-------------------------+-------+-------+-------++-------
Melee: Unarmed           |     1 |       |       ||     1
       Mace              |     8 |       |       ||     8
       Dagger            |    10 |    43 |       ||    53
       Short sword       |       |    39 |    27 ||    66
 Cast: Magic Dart        |    73 |   148 |    28 ||   249
       Call Imp          |     2 |    22 |     8 ||    32
       Blink             |     2 |     4 |     3 ||     9
       Mephitic Cloud    |       |    12 |     9 ||    21
       Slow              |       |    10 |     2 ||    12
       Conjure Flame     |       |     1 |       ||     1
  Use: Scroll            |     1 |     9 |     2 ||    12
 Stab: Sleeping          |     2 |     3 |     2 ||     7
       Distracted        |     1 |       |       ||     1
       Confused          |       |     9 |     6 ||    15
  Eat: Chunk             |     3 |    10 |     4 ||    17
       Ration            |       |     1 |       ||     1
Armor: Robe              |     9 |    26 |     5 ||    40
Dodge: Dodged            |    27 |    80 |    32 ||   139
